 Dungeon Crawl Stone Soup version 0.30-a0-913-g9934a0ce24 (webtiles) character file.

Game seed: 10032311560082609340

65 Khashishi the Sneak (level 3, -3/17 HPs)
             Began as a Felid Delver on Mar 19, 2023.
             Was an Initiate of Wu Jian.
             Killed from afar by an orc wizard (9 damage)
             ... with a magic dart
             ... on level 3 of the Dungeon.
             The game lasted 00:01:57 (167 turns).

Khashishi the Sneak (Felid Delver)                   Turns: 167, Time: 00:01:58

Health: -3/17      AC:  1    Str:  8    XL:     3   Next: 92%
Magic:  4/4        EV: 19    Int: 11    God:    Wu Jian [......]
Gold:   9          SH:  0    Dex: 19    Spells: 2/2 levels left
                                        Lives:  0   Deaths: 0

rFire   . . .      SeeInvis +      - Unarmed
rCold   . . .      Faith    .    (shield unavailable)
rNeg    . . .      Spirit   .    (body armour unavailable)
rPois   .          Reflect  .    (helmet unavailable)
rElec   .          Rampage  .    (cloak unavailable)
rCorr   .                        (gloves unavailable)
Will    .....                    (boots unavailable)
Stlth   ++++                     (no amulet)
HPRegen 0.22/turn                (no ring)
MPRegen 0.09/turn                (no ring)

@: quick
A: very small, claws 1, fangs 3, see invisible, speed 1, shaggy fur 1, stealthy
paws, no weapons or thrown items, no armour, multi-lived
a: Renounce Religion


You were on level 3 of the Dungeon.
You worshipped Wu Jian.
Wu Jian was noncommittal.
You visited 2 branches of the dungeon, and saw 4 of its levels.

You collected 9 gold pieces.

Inventory:

Wands
 e - a wand of digging (3)
Scrolls
 a - a scroll of fog
 f - a scroll of poison {unknown}
Potions
 d - a potion of haste


   Skills:
 - Level 3.0 Fighting
 + Level 3.9 Dodging
 + Level 7.3 Stealth
 + Level 2.9 Unarmed Combat


You had 2 spell levels left.
You didn't know any spells.
Your spell library was empty.

Dungeon Overview and Level Annotations

Branches:
Dungeon (5/15)             Temple (1/1) D:5

Altars:
Elyvilon
Kikubaaqudgha
Makhleb
Nemelex Xobeh
Okawaru
Trog
Wu Jian
Xom


Innate Abilities, Weirdness & Mutations

You have sharp claws.
You have razor-sharp teeth.
You have supernaturally acute eyesight. (SInv)
You cover ground quickly. (Speed+)
You are covered in fur. (AC +1)
Your paws help you pounce on unaware monsters.
You are incapable of wielding weapons or throwing items.
You cannot wear armour.
You gain extra lives every three experience levels.


Message History

As you read the scroll of fear, it crumbles to dust.
You assume a fearsome visage.
The adder looks frightened!
The orc looks frightened! x3; The orc wizard looks frightened!
The orc wizard mumbles some strange words.
The orc wizard flickers and vanishes for a moment.
You scratch the orc wizard but do no damage.
Your attack snaps the orc wizard out of its fear.
The orc wizard is lightly wounded.
You scratch the orc.
The orc is lightly wounded.
The orc misses you.
You closely miss the orc.
The orc is lightly wounded.
The orc completely misses you. The orc wizard barely misses you.
You scratch the orc.
You kill the orc!
The Council accepts your kill.
The orc wizard hits you with a +0 dagger.
You scratch the orc wizard but do no damage.
The orc wizard is lightly wounded.
The orc wizard hits you with a +0 dagger.
Cornered, the orc turns to fight!
You scratch the orc wizard.
The orc wizard is heavily wounded.
The orc wizard completely misses you.
You claw the orc wizard!
The orc wizard is almost dead.
The orc wizard hits you with a +0 dagger.
* * * LOW HITPOINT WARNING * * *
You barely miss the orc wizard. Your bite misses the orc wizard.
The orc wizard is almost dead.
The orc wizard gestures at you while chanting.
You resist with some effort.
You scratch the orc wizard but do no damage.
The orc wizard is almost dead.
The orc closely misses you. The orc wizard casts a spell at you.
The magic dart hits you!
Ouch! That really hurt!
You die...

##.....#
.......
.....#
.....
...##
...#
#)o#
#@.#
#o.#
#..#
#..#
#..#
####


You could see an orc wizard (invisible) and an orc.

Vanquished Creatures
  A scorpion (D:4)
  2 orcs
  2 bats (D:3)
  A kobold (D:4)
6 creatures vanquished.

Notes
Turn   | Place    | Note
-------+----------+-------------------------------------------
     0 | D:5      | Khashishi the Felid Delver began the quest for the Orb.
     0 | D:5      | Reached XP level 1. HP: 10/10 MP: 2/2
     7 | D:5      | Found a staircase to the Ecumenical Temple.
    15 | Temple   | Entered the Ecumenical Temple
    20 | Temple   | Became a worshipper of the Wu Jian Council
    42 | D:5      | Noticed a howler monkey
    50 | D:5      | Noticed a jelly
    53 | D:5      | Noticed a hound
    74 | D:4      | Noticed a scorpion
    81 | D:4      | Killed a scorpion
    82 | D:4      | Reached skill level 7 in Stealth
    82 | D:4      | Reached XP level 2. HP: 14/14 MP: 3/3
    82 | D:4      | Reached XP level 3. HP: 17/17 MP: 4/4
   121 | D:4      | Noticed a black bear
   167 | D:3      | Killed from afar by an orc wizard

Illustrated notes

Levels and vault maps discovered:
D:3:      layout_basic, mainiacjoe_overflow_alcove_2,
          nicolae_sif_muna_condensation, shapermc_ecumenical_altar_flowoftime,
          solitary_fountain, nicolae_figureground_pulse
D:4:      layout_rooms, minmay_snake_closets
D:5:      layout_basic, nicolae_overflow_crystal_walls,
          nicolae_hepliaklqana_monster_ancestors, mainiacjoe_overflow_chevrons,
          temple_statues, corexii_checkpoint_b
Temple:   hellmonk_temple_micro_hex

Skill      XL: |  1 |
---------------+----+-----
Dodging        | 3 |  3.9
Stealth        | 7 |  7.3
Fighting       | |  3.0
Unarmed Combat | |  2.9

Action                     || total
---------------------------++-------
  Melee: Unarmed           ||    24
Ability: Lunge             ||     2
    Use: Scroll            ||     2
   Stab: Sleeping          ||     1
  Dodge: Dodged            ||    19

Table legend: (Time is in decaauts)
 A = Elapsed time spent in this place.
 B = Non-inter-level travel time spent in this place.
 C = Inter-level travel time spent in this place.
 D = Time resting spent in this place.
 E = Time spent auto-exploring this place.
 F = Levels seen in this place.
 G = Mean time per level.
                   A        B        C        D        E       F      G
               +--------+--------+--------+--------+--------+-----+--------+
         Total |    138 |    138 |      0 |      0 |      0 |   4 |   34.5 |
       Dungeon |    129 |    129 |      0 |      0 |      0 |   3 |   43.0 |
        Temple |      9 |      9 |      0 |      0 |      0 |   1 |    9.0 |
               +--------+--------+--------+--------+--------+-----+--------+

Top non-repeatable levels by time:
     D:4: 62 daAuts
     D:5: 46 daAuts
     D:3: 20 daAuts
  Temple: 9 daAuts
